 Dungeon Crawl Stone Soup version 0.29-a0-982-gaed3a0c8d8 (webtiles) character file.

Game seed: 10704657767208236455

875 MisterAzrael the Magician (level 7, -6/36 HPs)
             Began as a Deep Elf Conjurer on Aug 2, 2022.
             Was an Initiate of Vehumet.
             Killed from afar by a steam dragon (21 damage)
             ... with a ball of steam
             ... on level 6 of the Dungeon.
             The game lasted 00:07:57 (6498 turns).

MisterAzrael the Magician (Deep Elf Conjurer)       Turns: 6498, Time: 00:07:57

Health: -6/36      AC:  2    Str:  4    XL:     7   Next: 74%
Magic:  11/19      EV: 12    Int: 25    God:    Vehumet [......]
Gold:   218        SH:  0    Dex: 13    Spells: 7/20 levels left

rFire   . . .      SeeInvis .   c - +4 scythe (protect)
rCold   . . .      Faith    .   (shield currently unavailable)
rNeg    . . .      Spirit   .   a - +0 robe
rPois   .          Reflect  .   (no helmet)
rElec   .          Harm     .   (no cloak)
rCorr   .          Rampage  .   (no gloves)
Will    .....                   (no boots)
Stlth   ++........              (no amulet)
HPRegen 0.12/turn               i - ring of wizardry
MPRegen 0.16/turn               (no ring)

@: no status effects
A: no striking features
a: Renounce Religion


You were on level 6 of the Dungeon.
You worshipped Vehumet.
Vehumet was noncommittal.
You visited 2 branches of the dungeon, and saw 7 of its levels.

You collected 218 gold pieces.

Inventory:

Hand Weapons
 c - a +4 scythe of protection (weapon)
Armour
 a - a +0 robe (worn)
Magical Staves
 s - a staff of cold
Jewellery
 g - a ring of resist corrosion
 i - a ring of wizardry (left hand)
 y - an amulet of guardian spirit
Wands
 k - a wand of flame (15)
 q - a wand of roots (14)
 C - a wand of digging (2)
Scrolls
 e - a scroll of magic mapping
 f - 2 scrolls of poison
 h - 3 scrolls of teleportation
 j - 3 scrolls of vulnerability
 l - a scroll of enchant armour
 o - 2 scrolls of enchant weapon
 p - a scroll of fear
 t - a scroll of blinking
 v - 3 scrolls of brand weapon
 B - a scroll of noise
Potions
 b - 2 potions of magic
 d - 5 potions of mutation
 m - 2 potions of heal wounds
 n - 2 potions of lignification
 r - 2 potions of curing
 u - a potion of invisibility {unknown}
 w - 3 potions of attraction
 x - a potion of haste {unknown}
 z - a potion of degeneration {unknown}
 A - 2 potions of resistance


   Skills:
 - Level 2.4 Dodging
 - Level 2.4 Stealth
 + Level 7.1 Spellcasting
 + Level 7.0 Conjurations
 * Level 6.8 Hexes


You had 7 spell levels left.
You knew the following spells:

 Your Spells              Type           Power      Damage    Failure   Level
a - Magic Dart            Conj           100%       1d8       1%          1
b - Searing Ray           Conj           88%        2d7       1%          2
c - Fulminant Prism       Conj/Hex       21%        3d13      1%          4
d - Dazzling Flash        Conj/Hex       86%        N/A       1%          3
e - Teleport Other        Tloc           8%         N/A       9%          3

Your spell library contained the following spells:

 Spells                   Type           Power      Damage    Failure   Level
 Freeze                   Ice            32%        1d5       2%          1
 Hailstorm                Conj/Ice       26%        3d7       6%          4
 Iskenderun's Mystic Bla  Conj/Tloc      26%        2d7       6%          4
 Frozen Ramparts          Ice            16%        1d9       9%          3
 Gell's Gravitas          Tloc           8%         N/A       9%          3
 Lesser Beckoning         Tloc           8%         N/A       9%          3


Dungeon Overview and Level Annotations

Branches:
Dungeon (6/15)             Temple (1/1) D:5

Altars:
Ashenzari
Cheibriados
Dithmenos
Fedhas
Gozag
Nemelex Xobeh
Qazlal
Ru
Sif Muna
Trog
Uskayaw
Vehumet
Wu Jian
Yredelemnul
Zin

Shops:
D:5 *

Annotations:
D:5 3 runed translucent doors, flotson's ghost, weakling DsDe
D:6 Prince Ribbit


Message History

Prince Ribbit hits you. Prince Ribbit misses you.
Casting: Searing Ray (safe; 1% risk of failure)
Confirm with . or Enter, or press ? or * to list all spells.
Aiming: Searing Ray (safe; 1% risk of failure)
Press: ? - help, Shift-Dir - straight line, f/p - Prince Ribbit
Aim: Prince Ribbit (lightly wounded, 68% to hit)
The searing ray hits the steam dragon.
The steam dragon is lightly wounded.
The searing ray hits Prince Ribbit.
Prince Ribbit is lightly wounded. (Press . to maintain the ray.)
The steam dragon bites you! The steam dragon misses you.
The searing ray misses the steam dragon.
The searing ray misses Prince Ribbit.
The steam dragon barely misses you. x2
Prince Ribbit hops awkwardly around.
The searing ray hits the steam dragon!
The steam dragon is heavily wounded.
The searing ray hits Prince Ribbit.
Prince Ribbit is moderately wounded.
The steam dragon bites you!
The steam dragon claws you but does no damage.
The searing ray hits the steam dragon.
The steam dragon is heavily wounded.
The searing ray misses Prince Ribbit.
You finish channelling your searing ray.
The steam dragon closely misses you. The steam dragon claws you.
Casting: Searing Ray (safe; 1% risk of failure)
Confirm with . or Enter, or press ? or * to list all spells.
Okay, then.
Casting: Searing Ray (safe; 1% risk of failure)
Confirm with . or Enter, or press ? or * to list all spells.
Aiming: Teleport Other (dangerous; 9% risk of failure)
Press: ? - help, Shift-Dir - straight line, f - steam dragon, p - Prince Ribbit
Aim: a steam dragon (heavily wounded, chance to affect: 46%)
The steam dragon resists with some effort.
Prince Ribbit blinks!
The steam dragon breathes steam at you. The ball of steam hits you!!
Ouch! That really hurt!
You die...

## #. .. .#### ..$
#..####.####..โ‰ˆ
.......ยง......โ‰ˆ
#..####D####.#โ‰ˆ #..
#@# #..# #.# #..# #.#
######.#..# #.# ...<
#.#..# #.# #+#..
#.#..####.#### #.#.#
#.#.....#....#
#.#.####.#...#.####.#
...<...#.#...#.#....#


You could see a steam dragon (catching breath).

Vanquished Creatures
  A sky beast (D:6)
  An ice beast (D:5)
  A phantom (D:4)
  A necrophage (D:5)
  A gnoll bouda (D:5)
  A hound (D:5)
  2 orc priests (D:4)
  2 iguanas
  Jessica (D:2)
  Terence (D:2)
  4 adders
  3 gnolls (D:5)
  A shadow imp (D:6)
  An ufetubus (D:4)
  3 worms
  A dart slug (D:4)
  15 orcs
  3 ball pythons
  4 endoplasms
  A giant cockroach (D:4)
  3 goblins
  10 hobgoblins
  6 quokkas
  4 bats
  2 frilled lizards (D:1)
  3 kobolds
  6 rats
82 creatures vanquished.

Vanquished Creatures (collateral kills)
  Sigmund (D:5)
1 creature vanquished.

Vanquished Creatures (others)
  4 fungi (D:5)
4 creatures vanquished.

Grand Total: 87 creatures vanquished

Notes
Turn   | Place    | Note
-------+----------+-------------------------------------------
     0 | D:1      | MisterAzrael the Deep Elf Conjurer began the quest for the
                  | Orb.
     0 | D:1      | Reached XP level 1. HP: 10/10 MP: 6/6
   480 | D:1      | Reached XP level 2. HP: 15/15 MP: 5/8
   523 | D:1      | Found a faded altar of an unknown god.
  1217 | D:1      | Learned a level 2 spell: Searing Ray
  1491 | D:2      | Noticed Terence
  1498 | D:2      | Killed Terence
  1499 | D:2      | Reached skill level 5 in Conjurations
  1499 | D:2      | Reached XP level 3. HP: 10/19 MP: 3/10
  1757 | D:2      | Reached XP level 4. HP: 24/24 MP: 6/12
  1878 | D:2      | Noticed Jessica
  1880 | D:2      | Killed Jessica
  1881 | D:2      | Reached skill level 5 in Spellcasting
  2023 | D:2      | Learned a level 4 spell: Fulminant Prism
  2109 | D:3      | Learned a level 3 spell: Dazzling Flash
  2382 | D:3      | Reached skill level 1 in Hexes
  2561 | D:3      | Reached XP level 5. HP: 28/28 MP: 11/14
  3128 | D:3      | You fall into a shaft and drop 3 floors!
  3137 | D:5      | Entered Level 5 of the Dungeon
  3471 | D:4      | HP: 1/28 [orc/+0 club (2)]
  3704 | D:4      | Noticed a phantom
  3715 | D:4      | Killed a phantom
  3716 | D:4      | Reached XP level 6. HP: 14/32 MP: 4/16
  5502 | D:5      | Found a staircase to the Ecumenical Temple.
  5503 | D:5      | Noticed an ice beast
  5515 | D:5      | Killed an ice beast
  5516 | D:5      | Reached skill level 5 in Hexes
  5516 | D:5      | Reached XP level 7. HP: 36/36 MP: 10/18
  5521 | Temple   | Entered the Ecumenical Temple
  5768 | Temple   | Became a worshipper of Vehumet
  5871 | D:5      | Found Juyh's Assorted Antiques.
  6064 | D:5      | Found a runed translucent gate.
  6064 | D:5      | Found a runed translucent gate.
  6064 | D:5      | Noticed flotson's ghost (weakling DsDe)
  6065 | D:5      | Found a runed translucent gate.
  6065 | D:5      | Noticed Sigmund
  6085 | D:5      | Learned a level 3 spell: Teleport Other
  6126 | D:5      | Killed Sigmund
  6489 | D:6      | Noticed Prince Ribbit
  6490 | D:6      | Noticed a steam dragon
  6498 | D:6      | Killed from afar by a steam dragon

Illustrated notes

Levels and vault maps discovered:
D:1:      scummos_arrival_hexagon, layout_loops_corners, basic_ecumenical_altar,
          minivault_5, kennysheep_doodads, dreamdust_princess_bridge,
          serial_park_tiny_pond, minmay_pentomino_x4
D:2:      layout_rooms, uniq_terence, uniq_jessica
D:3:      layout_loops_ring, minmay_misc_feat_roman, dk_noncrumbling_4
D:4:      layout_layer_cave, bh_walls_and_bars
D:5:      layout_cave_pools, minmay_temple_entry_junction_2, serial_shops, shop,
          gammafunk_ghost_nasty_kobolds, uniq_sigmund
D:6:      wad_pebble_path, layout_basic, nicolae_overflow_hidden_temple,
          ebering_ghost_reflecting_pool, chequers_serial_rivers_micro_a,
          grunt_ministairs_15, minivault_27, uniq_prince_ribbit1
Temple:   regret_index_temple_generic_petals

Skill      XL: |  1  2  3  4  5  6  7 |
---------------+----------------------+-----
Spellcasting   | 4 5 6 7 |  7.1
Conjurations   | 5 6 7 |  7.0
Hexes          | 1 3 5 6 |  6.8
Dodging        | |  2.4
Stealth        | |  2.4

Action                   |  1- 3 |  4- 6 |  7- 9 || total
-------------------------+-------+-------+-------++-------
Melee: Unarmed           |       |     1 |       ||     1
       Halberd           |       |       |     1 ||     1
 Cast: Magic Dart        |    42 |    83 |    20 ||   145
       Searing Ray       |     2 |    22 |     5 ||    29
       Dazzling Flash    |       |     1 |       ||     1
       Teleport Other    |       |       |     1 ||     1
  Use: Potion            |       |     3 |       ||     3
       Scroll            |       |       |    17 ||    17
Armor: Robe              |     2 |     3 |     2 ||     7
Dodge: Dodged            |     7 |    28 |    12 ||    47

Table legend: (Time is in decaauts)
 A = Elapsed time spent in this place.
 B = Non-inter-level travel time spent in this place.
 C = Inter-level travel time spent in this place.
 D = Time resting spent in this place.
 E = Time spent auto-exploring this place.
 F = Levels seen in this place.
 G = Mean time per level.
                   A        B        C        D        E       F      G
               +--------+--------+--------+--------+--------+-----+--------+
         Total |   6495 |   6334 |    161 |    625 |   5021 |   7 |  927.9 |
       Dungeon |   6206 |   6073 |    133 |    625 |   4781 |   6 | 1034.3 |
        Temple |    289 |    261 |     28 |      0 |    240 |   1 |  289.0 |
               +--------+--------+--------+--------+--------+-----+--------+

Top non-repeatable levels by time:
     D:4: 1844 daAuts
     D:1: 1272 daAuts
     D:3: 1080 daAuts
     D:5: 969 daAuts
     D:2: 830 daAuts
  Temple: 289 daAuts
     D:6: 208 daAuts
